 Dungeon Sprint DCSS version 0.30-a0-711-gf4ac18a38d (webtiles) character file.

Game seed: 10089803166626731871

0 rocky1 the Shield-Bearer (level 1, -3/19 HPs)
             Began as a Minotaur Fighter on Jan 23, 2023.
             Was an Initiate of Gozag.
             Frozen to death by an endoplasm (5 damage)
             ... in the Dungeon (Sprint VI: "Thunderdome").
             The game lasted 00:00:17 (25 turns).

rocky1 the Shield-Bearer (Minotaur Fighter)           Turns: 25, Time: 00:00:18

Health: -3/19      AC:  6    Str: 20    XL:     1   Next: 0%
Magic:  0/0        EV:  9    Int:  5    God:    Gozag
Gold:   200        SH:  4    Dex:  9    Spells: 0/0 levels left

rFire   . . .      SeeInvis .    a - +0 war axe
rCold   . . .      Faith    .    c - +0 buckler
rNeg    . . .      Spirit   .    b - +0 scale mail
rPois   .          Reflect  .    (helmet restricted)
rElec   .          Harm     .    (no cloak)
rCorr   .          Rampage  .    (no gloves)
Will    .....      NoTele   +    (no boots) Stlth
                                 (no amulet)
HPRegen 0.23/turn                (no ring)
MPRegen 0.07/turn                (no ring)

@: lethally poisoned (-3 -> -5), gold aura
A: horns 2, retaliatory headbutt
a: Renounce Religion, Potion Petition, Call Merchant, Bribe Branch


You were in the Dungeon.
You worshipped Gozag.
Gozag was aware of your devotion.
You visited 1 branch You collected 200 gold pieces.

Inventory:

Hand Weapons
 a - a +0 war axe (weapon)
Armour
 b - a +0 scale mail (worn)
 c - a +0 buckler (worn)
Wands
 l - a wand of quicksilver (5)
 m - a wand of roots (5)
Scrolls
 j - 4 scrolls of blinking
 n - 3 scrolls of fog
Potions
 d - a potion of might
 e - a potion of curing
 f - 4 potions of heal wounds
 g - 4 potions of haste
 h - 2 potions of magic
 i - a potion of berserk rage
 k - a potion of resistance


   Skills:
 + Level 3.6 Fighting
 + Level 2.4 Axes
 + Level 3.6 Armour
 + Level 3.6 Shields


You couldn't memorise any spells.
You didn't know any spells.
Your spell library was empty.

Dungeon Overview and Level Annotations

Branches:
Dungeon (1/1)

Altars:
Fedhas
Gozag
Kikubaaqudgha
Makhleb
Okawaru
Trog
Uskayaw
Vehumet
Yredelemnul
Zin
Lugonu

Shops:
D ??:(!!!!

Annotations:
D Jessica


Innate Abilities, Weirdness & Mutations

You have a pair of horns on your head.
You reflexively headbutt those who attack you in melee.


Message History

A kobold comes into view.
It is wielding a +0 short sword of venom.
Found Addi's Distillery and Raiqeos's Bottled Wisdom.
The kobold shouts!
Found Hyff's Do-It-Yourself Clinic.
Found three altars.
The endoplasm quivers.
The kobold hits you with a +0 short sword of venom.
You are poisoned.
You feel very sick.
You feel sick.
You feel sick. The kobold closely misses you.
You feel sick.
The kobold throws a stone.
The stone barely misses you.
You feel sick.
The kobold throws a stone.
The stone closely misses you.
You feel sick.
There is an opulent altar of Gozag here.
You kneel at the altar of Gozag.
Gozag welcomes you!
Gozag waives the service fee.
You feel sick.
You are too injured to fight recklessly!
You feel sick.
You are no longer poisoned.
The kobold hits you but does no damage.
You are poisoned.
You hit the kobold but do no damage. Your headbutt misses the kobold.
You feel sick. The kobold barely misses you.
Jessica the Apprentice Sorceress comes into view.
She is wielding a +0 dagger.
You closely miss the kobold.
Jessica shouts!
You headbutt the kobold.
You kill the kobold!
You hit the endoplasm.
You feel sick. The endoplasm freezes you.
You are frozen.
* * * LOW HITPOINT WARNING * * *
Jessica mumbles some strange words.
Jessica seems to speed up.
The endoplasm freezes you.
You are frozen.
You die...
Your body crumbles into a pile of gold.

.8.........8.######
.....###......_._∩##
...8. #.8........∩###
.....###.............##
#...###..........⌠#
#.<.# #..........⌠#
#...###..........⌠#
...###........$....##
...8. .8.....J@.∩###
..... #......___∩##
.8.. ....8.###### ⌠...
...@§# ##. ...### ..


You could see Jessica (fast) and an endoplasm.

Vanquished Creatures
  A kobold (D)
1 creature vanquished.

Notes
Turn   | Place    | Note
-------+----------+-------------------------------------------
     0 | D        | rocky1 the Minotaur Fighter began the quest for the Orb.
     0 | D        | Reached XP level 1. HP: 19/19 MP: 0/0
     4 | D        | Found a burning altar of Makhleb.
     4 | D        | Found a bloodstained altar of Trog.
     5 | D        | Found an iron altar of Okawaru.
     5 | D        | Round 1.
     6 | D        | Found a radiant altar of Vehumet.
     6 | D        | Found a blossoming altar of Fedhas.
     7 | D        | Found a corrupted altar of Lugonu.
     7 | D        | Found a glowing silver altar of Zin.
     7 | D        | Found Adengit's Staff Store.
     7 | D        | Found Weri's Magic Scroll Shop.
     8 | D        | Found a basalt altar of Yredelemnul.
     8 | D        | Found Sekoor's Must-Have Magic.
     8 | D        | Found Gouppim's Magic Scroll Shop.
     9 | D        | Found Haipynt's Distillery.
    11 | D        | Found Addi's Distillery.
    11 | D        | Found Raiqeos's Bottled Wisdom.
    12 | D        | Found a hide-covered altar of Uskayaw.
    12 | D        | Found an ancient bone altar of Kikubaaqudgha.
    12 | D        | Found an opulent altar of Gozag.
    12 | D        | Found Hyff's Do-It-Yourself Clinic.
    22 | D        | Became a worshipper of Gozag Ym Sagoz the Greedy
    24 | D        | Noticed Jessica
    25 | D        | Frozen to death by an endoplasm

Illustrated notes

Levels and vault maps discovered:
D:        arena_sprint

Action                     || total
---------------------------++-------
  Melee: War axe           ||     2
         Headbutt          ||     1
 Armour: Scale mail        ||     1
  Dodge: Dodged            ||     4

Table legend: (Time is in decaauts)
 A = Elapsed time spent in this place.
 B = Non-inter-level travel time spent in this place.
 C = Inter-level travel time spent in this place.
 D = Time resting spent in this place.
 E = Time spent auto-exploring this place.
 F = Levels seen in this place.
 G = Mean time per level.
                   A        B        C        D        E       F      G
               +--------+--------+--------+--------+--------+-----+--------+
         Total |     25 |     25 |      0 |      0 |      0 |   1 |   25.0 |
       Dungeon |     25 |     25 |      0 |      0 |      0 |   1 |   25.0 |
               +--------+--------+--------+--------+--------+-----+--------+

Top non-repeatable levels by time:
       D: 25 daAuts
